 Dungeon Crawl Stone Soup version 0.21-a0-286-g6fcecc0 (webtiles) character file.

8318 nikopol the Cleaver (level 11, -6/151 HPs)
             Began as a Minotaur Berserker on Sept 26, 2017.
             Was a High Priest of Trog.
             Mangled by a white ugly thing (26 damage)
             ... on level 11 of the Dungeon.
             The game lasted 00:22:26 (9438 turns).

nikopol the Cleaver (Minotaur Berserker)            Turns: 9438, Time: 00:22:27

Health: -6/151     AC: 18    Str: 28    XL:     11   Next: 8%
Magic:  3/3        EV: 15    Int:  8    God:    Trog [*****.]
Gold:   738        SH:  0    Dex: 12    Spells: 10/10 levels left

rFire    x . .     SeeInvis .   a - +7 battleaxe (antimagic)
rCold    . . .     Gourm    .   (shield currently unavailable)
rNeg     . . .     Faith    .   A - +10 ring mail of a labyrinth {*Drain rElec rF- Int+4}
rPois    .         Spirit   .   (helmet restricted)
rElec    +         Reflect  .   (no cloak)
rCorr    .         Harm     .   G - +0 pair of gloves
MR       .....                  (no boots)
Stlth    ..........             (no amulet)
HPRegen  0.35/turn              (no ring)
MPRegen  0.08/turn              (no ring)

@: berserking, drained, very quick
A: retaliatory headbutt, horns 2
a: Berserk, Trog's Hand, Brothers in Arms, Burn Spellbooks, Renounce Religion


You were on level 11 of the Dungeon.
You worshipped Trog.
Trog was extremely pleased with you.
You were hungry.

You visited 1 branch of the dungeon, and saw 11 of its levels.

You collected 738 gold pieces.

Inventory:

Hand Weapons
 a - a +7 antimagic battleaxe (weapon)
 z - a +0 shortbow
 O - a +0 hand axe
 Q - a +0 hand axe
 S - a +4 flail
 T - a +6 hand axe
 W - a +0 war axe
Missiles
 v - 107 arrows (quivered)
Armour
 b - a +0 animal skin
 j - a +0 scale mail
 A - the +10 ring mail of a labyrinth (worn) {*Drain rElec rF- Int+4}
   (You found it on level 5 of the Dungeon)

   It affects your intelligence (+4).
   It makes you vulnerable to fire.
   It insulates you from electricity.
   It causes draining when unequipped.
 G - a +0 pair of gloves (worn)
Jewellery
 L - an uncursed ring of protection from fire {unknown}
 N - an uncursed ring of protection from fire {unknown}
 R - an uncursed amulet of rage {unknown}
 X - a +3 ring of intelligence {unknown}
Wands
 B - a wand of digging (11/24)
 C - a wand of enslavement (16/24)
 H - a wand of random effects (16/48)
 I - a wand of lightning (9/15)
 J - a wand of lightning (5/15)
 K - a wand of clouds (5/9)
 P - a wand of flame (13/48)
 U - a wand of paralysis (8/24)
Scrolls
 h - 6 scrolls of amnesia {unknown}
 i - 8 scrolls of remove curse
 k - 7 scrolls of identify {unknown}
 m - 3 scrolls of enchant armour {unknown}
 o - 6 scrolls of magic mapping {unknown}
 r - 9 scrolls of teleportation
 t - 4 scrolls of fog {unknown}
 u - 2 scrolls of fear {unknown}
 y - a scroll of blinking {unknown}
 D - a scroll of immolation {unknown}
 F - 2 scrolls of enchant weapon {unknown}
Potions
 d - a potion of lignification {unknown}
 e - 3 potions of heal wounds {unknown}
 f - a potion of berserk rage {unknown}
 l - 2 potions of haste {unknown}
 n - 2 potions of invisibility {unknown}
 q - a potion of brilliance {unknown}
 s - 2 potions of mutation {unknown}
 w - 4 potions of degeneration {unknown}
 x - 3 potions of curing {unknown}
 V - a potion of cancellation {unknown}
 Z - a potion of ambrosia {unknown}
Books
 M - a book of Dreams

   Spells                             Type                      Level
   a - Ensorcelled Hibernation        Hexes/Ice                    2
   b - Silence                        Hexes/Air                    5
   c - Darkness                       Hexes                        6
   d - Shadow Creatures               Summoning                    6
   Trog disapproves of the use of such an item.
Comestibles
 c - 8 bread rations
 g - 8 meat rations
 p - 10 royal jellies
 E - 3 fruits
 Y - 3 chunks of flesh


   Skills:
 + Level 10.3 Fighting
 + Level 12.7 Axes
 + Level 5.6(5.5) Bows
 + Level 8.0 Armour
 + Level 7.2 Dodging
 + Level 2.7 Stealth


You had 10 spell levels left.
You didn't know any spells.

Dungeon Overview and Level Annotations

Branches:
Dungeon (11/15)            Temple (0/1) D:5            Lair (0/6) D:9
    Orc (0/2) D:9

Altars:
Ashenzari
Dithmenos
Elyvilon
Hepliaklqana
Kikubaaqudgha
Makhleb
Nemelex Xobeh
Okawaru
Trog
Uskayaw
Vehumet
Xom
Yredelemnul
Zin

Shops:
D:9 (


Innate Abilities, Weirdness & Mutations

You reflexively headbutt those who attack you in melee.
You have a pair of horns on your head.


Message History

The arrow barely misses the white ugly thing.
The arrow hits the green ugly thing!
The green ugly thing is lightly wounded.
The white ugly thing tail-slaps you! The white ugly thing freezes you!!
Wield which item (- for none, * to show all)? (? for menu, Esc to quit)
You feel magic leave you.
a - a +7 antimagic battleaxe (weapon)
You slash the white ugly thing!
The white ugly thing is heavily wounded.
The white ugly thing tail-slaps you! The white ugly thing freezes you!!
* * * LOW HITPOINT WARNING * * *
You are too injured to fight recklessly!
You are too injured to fight recklessly!
A red film seems to cover your vision as you go berserk!
You feel yourself moving faster!
You feel mighty!
You are feeling hungry.
The white ugly thing tail-slaps you!
* * * LOW HITPOINT WARNING * * *
The white ugly thing freezes you!!
You die...

....... (........
.(......# ..(.....#
........# ....u...#
........###############
.....(u................
.....((@)..........#
.###############...#
#...#
###############...#
..................###
........)..)..........
#####..##############
#..### #....##


You could see 2 ugly things.

Vanquished Creatures
  The ghost of p0werm0de the Cleaver, a novice MiCK of Xom (D:10)
  A hornet (D:10)
  A hippogriff (D:7)
  A shadow (D:11)
  Eustachio (D:6)
  A human (D:7)
  A wyvern (D:11)
  4 yaks (D:9)
  4 hogs (D:7)
  A hungry ghost (D:10)
  Duvessa (D:7)
  2 hell hounds (D:9)
  2 sky beasts
  2 orc warriors
  An ice beast (D:9)
  A black bear (D:11)
  4 centaurs
  2 phantoms
  5 ogres
  3 wolves (D:10)
  2 bullfrogs
  A big kobold (D:8)
  Dowan (D:7)
  A wyvern skeleton (D:10)
  4 scorpions
  12 killer bees
  9 wights
  3 howler monkeys (D:7)
  The ghost of p0werm0de the Chiller, a weakling OpIE (D:4)
  4 crimson imps
  2 jellies
  A quasit (D:9)
  2 centaur zombies
  A bullfrog zombie (D:5)
  6 hounds
  2 centaur skeletons
  3 orc priests
  8 orc wizards
  2 bullfrog skeletons
  Ijyb (D:5)
  3 iguanas
  9 worker ants
  A hound skeleton (D:10)
  2 worker ant zombies
  10 gnolls
  7 adders
  2 shadow imps
  3 worms
  2 dart slugs
  4 leopard geckos
  20 orcs
  4 giant cockroaches
  15 goblins
  7 hobgoblins
  24 jackals
  4 quokkas
  A ball python (D:1)
  10 bats
  2 frilled lizards (D:1)
  11 kobolds
  6 rats
252 creatures vanquished.

Vanquished Creatures (collateral kills)
  Grum (D:10)
  A wolf (D:10)
  A crocodile (D:10)
  A scorpion (D:10)
  A worker ant zombie (D:10)
  A howler monkey skeleton (D:10)
6 creatures vanquished.

Vanquished Creatures (others)
  5 dream sheep (D:5)
5 creatures vanquished.

Grand Total: 263 creatures vanquished

Notes
Turn   | Place    | Note
-------+----------+-------------------------------------------
     0 | D:1      | nikopol the Minotaur Berserker began the quest for the Orb.
     0 | D:1      | Reached XP level 1. HP: 19/19 MP: 0/0
   156 | D:1      | Reached XP level 2. HP: 27/27 MP: 1/1
   176 | D:1      | Reached skill level 4 in Axes
   402 | D:1      | Reached ** piety under Trog
   765 | D:2      | Reached XP level 3. HP: 33/33 MP: 2/2
  1035 | D:2      | Found an ancient bone altar of Kikubaaqudgha.
  1476 | D:3      | Reached XP level 4. HP: 41/41 MP: 3/3
  1538 | D:3      | Reached skill level 5 in Axes
  2032 | D:3      | Found a hide-covered altar of Uskayaw.
  2156 | D:4      | Found a sparkling altar of Nemelex Xobeh.
  2167 | D:4      | Noticed an ogre
  2174 | D:4      | Killed an ogre
  2174 | D:4      | Reached XP level 5. HP: 47/47 MP: 4/4
  2237 | D:4      | Noticed a phantom
  2263 | D:4      | Killed a phantom
  2263 | D:4      | Reached skill level 5 in Fighting
  2263 | D:4      | Reached skill level 6 in Axes
  2263 | D:4      | Reached XP level 6. HP: 45/56 MP: 5/5
  2346 | D:4      | Reached *** piety under Trog
  2419 | D:4      | Noticed p0werm0de's ghost (weakling OpIE)
  2428 | D:4      | Killed p0werm0de's ghost
  2790 | D:4      | Found a shadowy altar of Dithmenos.
  2790 | D:4      | Found a bloodstained altar of Trog.
  2790 | D:4      | Found a white marble altar of Elyvilon.
  2790 | D:4      | Found a hazy altar of Hepliaklqana.
  2817 | D:4      | Found a basalt altar of Yredelemnul.
  2817 | D:4      | Found a shattered altar of Ashenzari.
  2968 | D:5      | Entered Level 5 of the Dungeon
  2979 | D:5      | Got a pitted ring mail
  2990 | D:5      | Identified the +10 ring mail of a labyrinth {*Drain rElec rF- Int+4} (You found it on level 5 of the Dungeon)
  3127 | D:5      | Reached XP level 7. HP: 42/61 MP: 6/6
  3228 | D:5      | Noticed Ijyb
  3239 | D:5      | Killed Ijyb
  3270 | D:5      | Found a staircase to the Ecumenical Temple.
  3281 | D:5      | Reached skill level 7 in Axes
  3281 | D:5      | Reached skill level 5 in Armour
  3813 | D:5      | You fall through a shaft for 2 floors!
  3836 | D:7      | Reached skill level 8 in Axes
  3836 | D:7      | Reached XP level 8. HP: 71/71 MP: 7/7
  3843 | D:7      | Noticed a hippogriff
  3846 | D:7      | Noticed Duvessa
  3847 | D:7      | Noticed Dowan
  3859 | D:7      | Killed a hippogriff
  3859 | D:7      | Reached skill level 9 in Axes
  3876 | D:7      | Killed Duvessa
  3880 | D:7      | Killed Dowan
  3880 | D:7      | Reached skill level 5 in Dodging
  3880 | D:7      | Reached skill level 1 in Stealth
  3881 | D:7      | Reached **** piety under Trog
  4253 | D:5      | Found a shimmering altar of Xom.
  4253 | D:5      | Noticed a dream sheep
  4253 | D:5      | Noticed a dream sheep
  4253 | D:5      | Noticed a dream sheep
  4253 | D:5      | Noticed a dream sheep
  4253 | D:5      | Noticed a dream sheep
  4258 | D:5      | Killed a dream sheep
  4259 | D:5      | Killed a dream sheep
  4259 | D:5      | Killed a dream sheep
  4259 | D:5      | Killed a dream sheep
  4260 | D:5      | Killed a dream sheep
  4364 | D:6      | Reached skill level 10 in Axes
  4407 | D:6      | Reached XP level 9. HP: 49/80 MP: 8/8
  4722 | D:6      | Found a burning altar of Makhleb.
  5070 | D:6      | Noticed Eustachio
  5094 | D:6      | Killed Eustachio
  5659 | D:7      | Reached skill level 11 in Axes
  5708 | D:7      | Found a glowing silver altar of Zin.
  6008 | D:8      | You fall through a shaft for 3 floors!
  6040 | D:11     | Found a frozen archway.
  6074 | D:10     | Entered Level 10 of the Dungeon
  6198 | D:10     | Paralysed by fainting for 10 turns
  6209 | D:10     | Paralysed by fainting for 6 turns
  6219 | D:10     | Paralysed by fainting for 6 turns
  6229 | D:10     | Noticed p0werm0de's ghost (novice MiCK)
  6264 | D:10     | Killed p0werm0de's ghost
  6264 | D:10     | Reached XP level 10. HP: 81/91 MP: 9/9
  6271 | D:10     | Noticed Grum
  6277 | D:10     | Reached skill level 12 in Axes
  6303 | D:10     | Killed Grum
  6936 | D:9      | Found a staircase to the Lair.
  7238 | D:8      | Found an iron altar of Okawaru.
  7308 | D:8      | Found a radiant altar of Vehumet.
  7500 | D:8      | Reached ***** piety under Trog
  7597 | D:8      | Reached skill level 10 in Fighting
  7713 | D:8      | Reached skill level 1 in Bows
  8333 | D:9      | Found Bojues's Weapon Shop.
  8337 | D:9      | Found a staircase to the Orcish Mines.
  8871 | D:9      | Reached skill level 5 in Bows
  8974 | D:10     | Reached XP level 11. HP: 100/100 MP: 10/10
  9158 | D:10     | Received a gift from Trog
  9430 | D:11     | Noticed a white ugly thing
  9435 | D:11     | Noticed a green ugly thing
  9438 | D:11     | Mangled by a white ugly thing

Vault maps used:
D:1:      dpeg_arrival_tiny_g
D:2:      old_standard_altar
D:3:      lemuel_doored_altar, first_bread
D:4:      minmay_overflow_temple_hex, nemelex_xobeh_ov_fountains_minmay
D:5:      kb_xom_exploding_sheep, minmay_temple_entry_large_hall, uniq_ijyb
D:6:      bloody_makhleb, uniq_eustachio
D:7:      zin_statuary, enter_bailey_3, grunt_livestock, kennysheep_crisscross,
          uniq_duvessa
D:8:      overflow_temple_1_default, okawaru_ov_weapons_minmay
D:9:      minmay_lair_entry_lava, orc_david_3
D:10:     uniq_grum
D:11:     enter_trove_1, portal_ice_cave_entry_pillars_2, uniq_erolcha

Skill      XL: |  1  2  3  4  5  6  7  8  9 10 |
---------------+-------------------------------+-----
Axes           | 4 5 6 8 10 11 12 | 12.7
Fighting       | 4 5 6 7 9 10 | 10.3
Armour         | 3 4 5 7 8 |  8.0
Dodging        | 3 4 5 6 7 |  7.2
Stealth        | 1 2 |  2.7
Bows           | 5 |  5.6

Action                   |  1- 3 |  4- 6 |  7- 9 | 10-12 || total
-------------------------+-------+-------+-------+-------++-------
Melee: Hand axe          |   105 |   122 |   335 |    36 ||   598
       Headbutt          |    17 |    28 |    76 |    42 ||   163
       War axe           |       |       |       |   141 ||   141
       Battleaxe         |       |       |       |     5 ||     5
       Shortbow          |       |       |       |     1 ||     1
 Fire: Shortbow          |       |       |       |   182 ||   182
Invok: Berserk           |       |     2 |     3 |     1 ||     6
       Burn Spellbooks   |       |       |       |     1 ||     1
       Brothers in Arms  |       |       |       |     1 ||     1
  Use: Scroll            |       |       |       |     3 ||     3
 Stab: Sleeping          |       |       |     1 |       ||     1
       Distracted        |       |       |       |     1 ||     1
  Eat: Chunk             |     2 |     7 |     9 |    10 ||    28
       Bread ration      |       |       |     1 |       ||     1
       Fruit             |       |       |     1 |       ||     1
Armor: Animal skin       |     4 |       |       |       ||     4
       Scale mail        |    23 |    34 |       |       ||    57
       Ring mail         |       |     7 |   163 |    84 ||   254
Dodge: Dodged            |    68 |    58 |   253 |   124 ||   503

Table legend:
 A = Spawn XP
 B = Non-spawn XP
 C = Spawn XP percentage of total XP
 D = Spawn monster count
 E = Non-spawn monster count
 F = Spawn count percentage of total count
 G = Total turns spent on level
                    A         B        C        D         E        F      G
               +---------+---------+-------+---------+---------+-------+---------
         Total |       0 |   11883 |   0.0 |       0 |     259 |   0.0 |  9438
               +---------+---------+-------+---------+---------+-------+---------
           D:1 |       0 |      40 |   0.0 |       0 |      25 |   0.0 |   747
           D:2 |       0 |      38 |   0.0 |       0 |      18 |   0.0 |   489
           D:3 |       0 |      53 |   0.0 |       0 |      28 |   0.0 |   853
           D:4 |       0 |     409 |   0.0 |       0 |      12 |   0.0 |   879
           D:5 |       0 |     816 |   0.0 |       0 |      27 |   0.0 |   977
           D:6 |       0 |     863 |   0.0 |       0 |      16 |   0.0 |  1150
           D:7 |       0 |    2010 |   0.0 |       0 |      28 |   0.0 |   787
           D:8 |       0 |     779 |   0.0 |       0 |      25 |   0.0 |  1138
           D:9 |       0 |    2349 |   0.0 |       0 |      35 |   0.0 |  1048
          D:10 |       0 |    3460 |   0.0 |       0 |      32 |   0.0 |  1214
          D:11 |       0 |    1066 |   0.0 |       0 |      13 |   0.0 |   156
               +---------+---------+-------+---------+---------+-------+---------
